 Dungeon Crawl Stone Soup version 0.29.1-12-g30fa7ad0bf (webtiles) character file.

Game seed: 12953860418331121952

91 raph the Caller (level 4, 0/24 HPs)
             Began as a Deep Elf Summoner on Dec 22, 2022.
             Frozen to death by an endoplasm (3 damage)
             ... on level 3 of the Dungeon.
             The game lasted 00:03:57 (2636 turns).

raph the Caller (Deep Elf Summoner)                 Turns: 2636, Time: 00:03:57

Health: 0/24       AC:  5    Str:  5    XL:     4   Next: 33%
Magic:  7/12       EV: 12    Int: 22    God:
Gold:   40         SH:  0    Dex: 15    Spells: 4/11 levels left

rFire   . . .      SeeInvis .   h - +1 dagger
rCold   . . .      Faith    .   (no shield)
rNeg    . . .      Spirit   .   a - +0 robe
rPois   .          Reflect  .   e - +0 helmet
rElec   .          Harm     .   (no cloak)
rCorr   .          Rampage  .   g - +1 pair of gloves
Will    .....                   (no boots)
Stlth   ++........              (no amulet)
HPRegen 0.08/turn               (no ring)
MPRegen 0.13/turn               (no ring)

@: no status effects
A: no striking features
a: no special abilities


You were on level 3 of the Dungeon.
You visited 1 branch of the dungeon, and saw 3 of its levels.

You collected 40 gold pieces.

Inventory:

Hand Weapons
 d - a +0 short sword
 h - a +1 dagger (weapon)
 k - a +0 scimitar
Missiles
 f - 6 poisoned darts
Armour
 a - a +0 robe (worn)
 e - a +0 helmet (worn)
 g - a +1 pair of gloves (worn)
Scrolls
 j - a scroll of torment
Potions
 b - a potion of magic
 c - 2 potions of haste
 i - a potion of invisibility
 l - a potion of cancellation {unknown}
 m - a potion of ambrosia {unknown}


   Skills:
 - Level 2.4 Dodging
 - Level 2.4 Stealth
 + Level 4.3 Spellcasting
 * Level 5.9 Summonings


You had 4 spell levels left.
You knew the following spells:

 Your Spells              Type           Power      Damage    Failure   Level
a - Summon Small Mammal   Summ           100%       N/A       1%          1
b - Call Imp              Summ           30%        N/A       1%          2
c - Call Canine Familiar  Summ           30%        N/A       3%          3
d - Magic Dart            Conj           16%        1d3       11%         1

Your spell library contained the following spells:

 Spells                   Type           Power      Damage    Failure   Level
 Summon Guardian Golem    Hex/Summ       17%        N/A       10%         3
 Mephitic Cloud           Conj/Pois/Air  4%         N/A       32%         3
 Summon Lightning Spire   Summ/Air       17%        N/A       32%         4
 Animate Dead             Necr           4%         N/A       73%         4
 Borgnjor's Vile Clutch   Necr/Erth      2%         N/A       97%         5
 Death Channel            Necr           2%         N/A       100%        6


Dungeon Overview and Level Annotations

Branches:
Dungeon (3/15)

Altars:

Annotations:
D:2 1 runed translucent door, Crazy Yiuf


Message History

Your hound bites the worm but does no damage.
Your quokka bites the worm.
The worm bites your quokka!
Your quokka dies!
Your quokka's corpse disappears in a puff of smoke!
Your hound barely misses the worm.
The jelly barely misses you.
Your crimson imp blinks!
Your hound barely misses the worm.
You hit the jelly.
Your hands burn!
* * * LOW HITPOINT WARNING * * *
The jelly is moderately wounded.
Your hound barely misses the worm.
Your hound bites the worm.
The jelly hits you but does no damage.
Your hound bites the worm.
The worm dies!
The jelly hits you but does no damage.
Your hound bites the jelly.
Your hound is burned by acid!
Found 3 gold pieces.
Casting: Summon Small Mammal (safe; 1% risk of failure)
Confirm with . or Enter, or press ? or * to list all spells.
A beastly little devil appears in a puff of flame.
The jelly misses you.
Your hound bites the jelly.
Your hound is burned by acid!
The endoplasm attacks as you move away! The endoplasm closely misses you.
Your hound bites the jelly.
Your hound is burned by acid!
Your hound dies!
Your hound's corpse disappears in a puff of smoke!
Your crimson imp hits the jelly.
The jelly dies!
You have reached level 4!
You feel clever. The endoplasm attacks as you move away!
The endoplasm closely misses you.
An orc comes into view. It is wielding a +0 trident.
The orc shouts!
You hit the endoplasm.
The endoplasm is severely wounded.
The endoplasm freezes you.
You are frozen.
You die...

##### ### ........
#$ #...#.. ..
#.###...#.##.#
...........#.###
...........#....
.........?...####
#...@.......?
#.5J.#.o..## #
#....#.<..###.####
#§.#####.........#
#§...#............
.
#....#.#...##.##.#
...$.#....§...# #
........>.###..#
#.................


You could see an orc, an endoplasm (ally target) and a friendly crimson imp
(summoned).

Vanquished Creatures
  2 ball pythons (D:2)
  4 bats
  3 endoplasms
  2 goblins
  2 hobgoblins
  A quokka (D:1)
  A frilled lizard (D:1)
  3 kobolds (D:2)
  A rat (D:2)
19 creatures vanquished.

Vanquished Creatures (collateral kills)
  A jelly (D:3)
  A worm (D:3)
  A bat (D:1)
  3 endoplasms (D:1)
  4 giant cockroaches
  3 hobgoblins (D:1)
  3 jackals (D:1)
  A kobold (D:2)
  2 quokkas (D:2)
  5 ball pythons
  A frilled lizard (D:1)
  3 rats (D:1)
28 creatures vanquished.

Grand Total: 47 creatures vanquished

Notes
Turn   | Place    | Note
-------+----------+-------------------------------------------
     0 | D:1      | raph the Deep Elf Summoner began the quest for the Orb.
     0 | D:1      | Reached XP level 1. HP: 10/10 MP: 6/6
   186 | D:1      | Reached XP level 2. HP: 15/15 MP: 4/8
   245 | D:1      | Learned a level 2 spell: Call Imp
   603 | D:1      | Reached skill level 5 in Summonings
   894 | D:1      | Reached XP level 3. HP: 10/19 MP: 7/10
  1081 | D:1      | Learned a level 3 spell: Call Canine Familiar
  1083 | D:1      | Learned a level 1 spell: Magic Dart
  2465 | D:2      | Found a runed translucent door.
  2466 | D:2      | Noticed Crazy Yiuf
  2635 | D:3      | Reached XP level 4. HP: 3/24 MP: 7/12
  2636 | D:3      | Frozen to death by an endoplasm

Illustrated notes

Levels and vault maps discovered:
D:1:      dpeg_arrival_chambers_temple_mockup, layout_loops_ring
D:2:      layout_loops_ring, uniq_crazy_yiuf_cottage
D:3:      layout_loops_ring, chequers_temple_overflow_statue_of_worship,
          shapermc_ecumenical_altar_mp_urbaneastern,
          ebering_ghost_disaster_area, uniq_sigmund

Skill      XL: |  1  2  3 |
---------------+----------+-----
Summonings     | 5 |  5.9
Spellcasting   | 4 |  4.3
Dodging        | |  2.4
Stealth        | |  2.4

Action                   |  1- 3 |  4- 6 || total
-------------------------+-------+-------++-------
Melee: Short sword       |     8 |       ||     8
       Dagger            |    59 |     1 ||    60
       Punch             |     1 |       ||     1
 Cast: Summon Small Mamm |    23 |       ||    23
       Call Imp          |    13 |       ||    13
       Call Canine Famil |     4 |       ||     4
  Use: Scroll            |    10 |       ||    10
 Stab: Sleeping          |     6 |       ||     6
Armor: Robe              |    26 |       ||    26
Dodge: Dodged            |    68 |     1 ||    69
